 Dungeon Crawl Stone Soup version 0.26.0-10-g1f06aea511 (webtiles) character file.

Game seed: 12947957051651744176

7394 shitwizard the Cleaver (level 10, -4/70 HPs)
             Began as a Demonspawn Chaos Knight on Jan 24, 2021.
             Was a Plaything of Xom.
             Killed themself with a badly aimed iceblast (8 damage)
             ... on level 10 of the Dungeon.
             The game lasted 00:36:08 (11094 turns).

shitwizard the Cleaver (Demonspawn Chaos Knight)   Turns: 11094, Time: 00:36:09

Health: -4/70      AC: 13    Str: 13 (14) XL:     10   Next: 92%
Magic:  0/10       EV: 17    Int: 16      God:    Xom [......]
Gold:   595        SH:  0    Dex: 12      Spells: 9/9 levels left

rFire    + . .     SeeInvis .   a - +1 hand axe (chaos)
rCold    . . .     Faith    +   (no shield)
rNeg     . . .     Spirit   +   j - +3 leather armour
rPois    .         Reflect  .   R - +1 hat
rElec    .         Harm     .   (no cloak)
rCorr    .         Rampage  .   F - +3 pair of gauntlets of War {Slay+5}
Will     .....                  (boots unavailable)
Stlth    +.........             z - amulet of faith
HPRegen  0.21/turn              S - +4 ring of protection
MPRegen  0.12/turn              D - ring of Zeqeugofyn {Wiz +Fly rF+}

@: no status effects
A: horns 1, talons 3, deformed body, deterioration 1, magic shield, miasma
immunity
a: Renounce Religion, Evoke Flight


You were on level 10 of the Dungeon.
You worshipped Xom.
You were a very special plaything of Xom.
You visited 1 branch of the dungeon, and saw 10 of its levels.

You collected 653 gold pieces.
You spent 58 gold pieces at shops.

Inventory:

Hand Weapons
 a - a +1 hand axe of chaos (weapon)
 h - a +0 shortbow
 k - a +2 dagger of speed
 p - the +7 short sword of Uskayaw's Whim {vorpal, *Corrode rPois rN+ Int+4, unknown}
   (You found it on level 9 of the Dungeon)

   It inflicts extra damage upon your enemies.
   It affects your intelligence (+4).
   It protects you from poison.
   It protects you from negative energy.
   It may corrode you when you take damage.
 u - a +0 hand axe of freezing
 C - a +0 hunting sling
Missiles
 f - 122 bolts
 t - 194 stones
 v - 186 arrows
 w - 6 boomerangs
 A - 29 poisoned darts
 B - 6 atropa-tipped darts
 T - a throwing net
Armour
 b - a +2 leather armour
 j - a +3 leather armour (worn)
 y - a cursed -2 leather armour
 E - a +0 plate armour
 F - the +3 pair of gauntlets of War (worn) {Slay+5}
   (Xom gifted it to you on level 5 of the Dungeon)

   It affects your accuracy and damage with ranged weapons and melee attacks
   (+5).
 R - a +1 hat (worn)
Magical Staves
 m - a cursed staff of death
Jewellery
 g - an uncursed ring of positive energy
 z - an amulet of faith (around neck)
 D - the ring of Zeqeugofyn (right hand) {Wiz +Fly rF+}
   (You found it on level 5 of the Dungeon)

   [ring of wizardry]

   It improves your spell success rate.
   It protects you from fire.
   It lets you fly.
 I - a cursed -4 ring of dexterity
 S - a +4 ring of protection (left hand)
 W - an uncursed amulet of faith
Wands
 r - a wand of polymorph (17)
 J - a wand of random effects (7)
 O - a wand of iceblast (11) (quivered)
 Q - a wand of flame (32)
Scrolls
 c - 7 scrolls of teleportation
 d - 2 scrolls of amnesia
 e - 5 scrolls of remove curse
 n - 3 scrolls of fog
 o - 4 scrolls of enchant armour
 x - a scroll of identify
 K - a scroll of torment {unknown}
 N - a scroll of acquirement {unknown}
Potions
 i - a potion of flight {unknown}
 q - 2 potions of attraction {unknown}
 G - a potion of berserk rage
 H - a potion of degeneration {unknown}
 P - a potion of haste {unknown}
 U - a potion of curing
 V - a potion of resistance {unknown}
Miscellaneous
 L - a phantom mirror
 M - a box of beasts


   Skills:
 - Level 3.0 Fighting
 - Level 10.5 Axes
 - Level 1.7 Armour
 - Level 10.1 Dodging
 - Level 5.1 Summonings
 + Level 3.0 Evocations


You had 9 spell levels left.
You didn't know any spells.
Your spell library contained the following spells:

 Spells                   Type           Power        Failure   Level
 Summon Small Mammal      Summ           64%          1%          1
 Call Imp                 Summ           16%          2%          2
 Call Canine Familiar     Summ           16%          4%          3
 Apportation              Tloc           0%           13%         1
 Corona                   Hex            0%           13%         1
 Sting                    Tmut/Pois      0%           13%         1
 Summon Guardian Golem    Hex/Summ       8%           13%         3
 Poisonous Vapours        Pois/Air       0%           19%         2
 Slow                     Hex            0%           19%         2
 Gell's Gravitas          Tloc           0%           34%         3
 Ignite Poison            Fire/Tmut/Pois 0%           34%         3
 Inner Flame              Hex/Fire       0%           34%         3
 Mephitic Cloud           Conj/Pois/Air  0%           34%         3
 Portal Projectile        Hex/Tloc       0%           34%         3
 Spider Form              Tmut/Pois      0%           34%         3
 Summon Ice Beast         Ice/Summ       8%           38%         4
 Summon Lightning Spire   Summ/Air       8%           38%         4
 Cause Fear               Hex            0%           75%         4
 Iskenderun's Mystic Bla  Conj/Tloc      0%           75%         4
 Leda's Liquefaction      Hex/Erth       0%           75%         4
 Olgreb's Toxic Radiance  Pois           0%           75%         4
 Disjunction              Tloc           0%           100%        8


Dungeon Overview and Level Annotations

Branches:
Dungeon (10/15)            Temple (0/1) D:4            Lair (0/6) D:8
    Orc (0/2) D:10

Altars:
Kikubaaqudgha
Nemelex Xobeh
Trog

Shops:
D:5 !   D:9 }*[

Annotations:
D:6 2 runed translucent doors


Innate Abilities, Weirdness & Mutations

You have claws for feet.
When hurt, damage is shared between your health and your magic reserves.
You are immune to miasma.
You have a pair of small horns on your head.
Armour fits poorly on your strangely shaped body.
Your body sometimes deteriorates upon taking damage.


Message History

You feel less confused. The orc warrior closely misses you.
The orc throws a boomerang.
The boomerang hits you.
* * * LOW HITPOINT WARNING * * *
The weapon returns to the orc!
Something hits you!
* * * LOW HITPOINT WARNING * * *
Okay, then.
Okay, then.
Okay, then.
Remove which piece of jewellery? (? for menu, Esc to quit)
Okay, then.
Evoke which item? (* to show all) (? for menu, Esc to quit)
Aiming: Iceblast
Press: ? - help, Shift-Dir - straight line The mass of ice explodes!
The iceblast engulfs something.
The iceblast engulfs the orc warrior!!
You kill the orc warrior!
The iceblast engulfs you!
You die...
Xom chortles!

#.. #.........# ##.
##..####### #.##
##..###### #..#
#........ ####'##
#........
#.....#######........
#.....'.....'........
#.....#######........
#...@.# #........
#..)..# .........
#.....# #####+####
###)### #o>.#
##........ #........
......... .........


You could see an orc.

Vanquished Creatures
  2 two-headed ogres
  Pikel (D:5)
  A troll (D:9)
  A wyvern (D:8)
  3 yaks (D:10)
  A yak (shapeshifter) (D:4)
  Duvessa (D:4)
  A water moccasin (D:6)
  3 orc warriors
  2 black bears
  3 sky beasts
  3 ice beasts
  3 phantoms
  6 centaurs
  A tengu (D:9)
  2 ogres
  A lemure (D:5)
  6 bullfrogs
  Dowan (D:4)
  4 scorpions
  A water moccasin skeleton (D:9)
  6 killer bees
  4 wights (D:9)
  3 howler monkeys (D:7)
  4 hounds
  2 quasits
  A centaur zombie (D:5)
  9 orc priests
  A jelly (D:5)
  A gnoll shaman (D:6)
  Terence (D:3)
  An iguana (D:6)
  7 orc wizards
  Natasha (thrice) (D:2)
  5 worker ants
  A hound zombie (D:7)
  A worker ant zombie (D:10)
  10 adders
  3 gnolls
  A howler monkey skeleton (D:5)
  2 shadow imps
  2 white imps (D:7)
  2 ufetubi
  2 oozes
  3 adder zombies
  3 worms
  4 dart slugs (D:1)
  4 leopard geckos
  28 orcs
  8 giant cockroaches
  7 goblins
  9 hobgoblins
  4 jackals (D:4)
  7 kobolds
  5 quokkas
  A ball python (D:2)
  11 bats
  A frilled lizard (D:1)
  2 leopard gecko skeletons
  11 rats
227 creatures vanquished.

Vanquished Creatures (collateral kills)
  A two-headed ogre (D:9)
  A gnoll sergeant (D:9)
  A scorpion (D:4)
  An orc wizard (D:4)
  A bullfrog skeleton (D:9)
  2 gnolls (D:9)
  A worm (D:4)
  An orc (D:4)
9 creatures vanquished.

Vanquished Creatures (others)
  An orc (D:9)
  A plant (D:6)
2 creatures vanquished.

Grand Total: 238 creatures vanquished

Notes
Turn   | Place    | Note
-------+----------+-------------------------------------------
     0 | D:1      | shitwizard the Demonspawn Chaos Knight began the quest for
                  | the Orb.
     0 | D:1      | Reached XP level 1. HP: 18/18 MP: 1/1
   159 | D:1      | XOM: swap monsters
   176 | D:1      | XOM: stat loss: -1 Int (12/13)
   187 | D:1      | XOM: give mutations
   187 | D:1      | Gained mutation: You have a pair of small horns on your
                  | head. [Xom's grace]
   187 | D:1      | Gained mutation: You can translocate small distances at
                  | will. [Xom's grace]
   195 | D:1      | Gained mutation: You have sharp toenails. [demonic
                  | ancestry]
   195 | D:1      | Reached XP level 2. HP: 21/24 MP: 2/2
   761 | D:1      | XOM: 1-stop teleportation journey
   954 | D:1      | Gained mutation: You have razor-sharp toenails. [demonic
                  | ancestry]
   954 | D:1      | Reached XP level 3. HP: 29/29 MP: 3/3
  1097 | D:2      | Noticed Natasha
  1102 | D:2      | Killed Natasha
  1105 | D:2      | Gained mutation: When hurt, damage is shared between your
                  | health and your magic reserves. [demonic ancestry]
  1105 | D:2      | Reached XP level 4. HP: 28/35 MP: 4/4
  1208 | D:2      | XOM: scenery: summon butterflies
  1212 | D:2      | XOM: silly message
  1213 | D:2      | XOM: butterfly on damage
  1520 | D:2      | Found an ancient bone altar of Kikubaaqudgha.
  1609 | D:2      | Noticed Natasha
  1621 | D:2      | XOM: butterfly on damage
  1622 | D:2      | Killed Natasha
  1623 | D:2      | Reached skill level 5 in Axes
  1634 | D:2      | Noticed Natasha
  1645 | D:2      | Killed Natasha
  1646 | D:2      | Reached XP level 5. HP: 39/41 MP: 5/5
  1872 | D:2      | XOM: potion effect (curing)
  1894 | D:2      | XOM: potion effect (brilliance)
  1983 | D:2      | XOM: cloud trail
  2137 | D:2      | Found a sparkling altar of Nemelex Xobeh.
  2171 | D:3      | XOM: 7-stop teleportation journey
  2257 | D:3      | Noticed Sigmund
  2258 | D:3      | Noticed Sigmund
  2258 | D:3      | Sigmund changed into Sigmund the worker ant
  2258 | D:3      | XOM: polymorph Sigmund -> Sigmund the worker ant
  2266 | D:3      | Killed Sigmund the worker ant
  2382 | D:3      | XOM: god gift: curved glowing staff {god gift}
  2400 | D:3      | Noticed Terence
  2406 | D:3      | Killed Terence
  2414 | D:3      | XOM: 1-stop teleportation journey
  2982 | D:4      | Found a staircase to the Ecumenical Temple.
  3015 | D:4      | XOM: cast spell 'Summon Hydra'
  3023 | D:4      | Gained mutation: You have claws for feet. [demonic
                  | ancestry]
  3023 | D:4      | Reached XP level 6. HP: 42/47 MP: 6/6
  3068 | D:4      | XOM: cast spell 'Summon Horrible Things'
  3635 | D:4      | XOM: enchant monster (good)
  3638 | D:4      | Noticed a glowing shapeshifter
  3638 | D:4      | a worker ant changed into a glowing shapeshifter
  3639 | D:4      | Noticed a moth of wrath
  3639 | D:4      | a glowing shapeshifter changed into a moth of wrath
  3640 | D:4      | XOM: silly message
  3641 | D:4      | Noticed a yak
  3641 | D:4      | a moth of wrath changed into a yak
  3644 | D:4      | Killed a yak
  3645 | D:4      | Gained mutation: You are immune to miasma. [demonic
                  | ancestry]
  3645 | D:4      | Reached XP level 7. HP: 31/52 MP: 3/7
  4116 | D:4      | XOM: noise
  4123 | D:4      | XOM: silly message
  4158 | D:4      | XOM: noise
  4677 | D:4      | Noticed Duvessa
  4678 | D:4      | Noticed Dowan
  4693 | D:4      | Killed Duvessa
  4693 | D:4      | XOM: enchant monster (bad)
  4977 | D:4      | Killed Dowan
  5140 | D:5      | Entered Level 5 of the Dungeon
  5370 | D:5      | XOM: divination: detect items
  5494 | D:5      | Noticed Pikel
  5507 | D:5      | XOM: cast spell 'Summon Ice Beast'
  5518 | D:5      | Killed Pikel
  5519 | D:5      | Reached skill level 10 in Axes
  5519 | D:5      | Reached XP level 8. HP: 27/58 MP: 3/8
  5817 | D:5      | Got a brightly glowing jade ring
  5826 | D:5      | XOM: 6-stop teleportation journey
  6200 | D:5      | XOM: give mutation
  6200 | D:5      | Gained mutation: You are frail. (-10% HP) [Xom's mischief]
  6247 | D:5      | XOM: summons friendly shadow imp
  6402 | D:5      | Found Noytabb's Distillery.
  6428 | D:5      | XOM: god gift: +3 pair of gauntlets of War {Slay+5}
  6429 | D:5      | Found the +3 pair of gauntlets of War {Slay+5}
  6437 | D:5      | Identified the ring of Zeqeugofyn {Wiz +Fly rF+} (You found
                  | it on level 5 of the Dungeon)
  6586 | D:6      | XOM: stealth player
  6611 | D:6      | Found a large runed translucent door.
  6612 | D:6      | Found a large runed translucent door.
  6623 | D:6      | XOM: divination: detect items
  6634 | D:6      | XOM: noise
  6675 | D:6      | Found a large runed translucent door.
  6675 | D:6      | Found a large runed translucent door.
  6709 | D:6      | Reached XP level 9. HP: 43/56 MP: 9/9
  6720 | D:6      | XOM: summons 4 hostile shadow creatures
  6794 | D:6      | XOM: stat loss: -1 Str (13/14)
  6927 | D:6      | XOM: blink monster(s)
  6932 | D:6      | Reached skill level 5 in Dodging
  7077 | D:6      | XOM: swap monsters
  7379 | D:6      | XOM: torment (35/56 hp)
  7654 | D:6      | XOM: silly message
  8566 | D:8      | XOM: 1-stop teleportation journey
  8599 | D:8      | Noticed a two-headed ogre
  8606 | D:8      | XOM: summons 6 friendly demons
  8607 | D:8      | XOM: summons friendly crimson imp
  8615 | D:8      | XOM: blink monster(s)
  8618 | D:8      | Killed a two-headed ogre
  8657 | D:8      | XOM: silly message
  8665 | D:8      | XOM: confusion
  8671 | D:8      | XOM: noise
  8672 | D:8      | XOM: enchant monster (bad)
  8675 | D:8      | XOM: 1-stop teleportation journey
  8676 | D:8      | XOM: 4-stop teleportation journey
  8677 | D:8      | Reached XP level 10. HP: 39/63 MP: 10/10
  8847 | D:8      | XOM: smoke on damage
  8854 | D:8      | XOM: 3-stop teleportation journey
  8963 | D:8      | XOM: 3-stop teleportation journey
  9080 | D:8      | XOM: give mutations
  9080 | D:8      | Gained mutation: Your body sometimes deteriorates upon
                  | taking damage. [Xom's mischief]
  9080 | D:8      | Gained mutation: Armour fits poorly on your strangely
                  | shaped body. [Xom's mischief]
  9080 | D:8      | Lost mutation: You are frail. (-10% HP) [Xom's mischief]
  9080 | D:8      | Lost mutation: You can translocate small distances at will.
                  | [Xom's mischief]
  9168 | D:8      | Found a staircase to the Lair.
  9552 | D:9      | Found Juddotyi's Gadget Shop.
  9569 | D:9      | XOM: chaos cloud
  9579 | D:9      | XOM: polymorph killer bee -> tengu
  9591 | D:9      | Reached skill level 10 in Dodging
  9596 | D:9      | XOM: polymorph killer bee -> bat
  9645 | D:9      | XOM: summons 5 hostile demons
  9646 | D:9      | Noticed a rust devil
  9646 | D:9      | Noticed an orange demon
  9646 | D:9      | Noticed a rust devil
  9948 | D:9      | Got a pitted short sword
  9970 | D:9      | XOM: summons 6 hostile demons
  9971 | D:9      | Noticed a soul eater
  9985 | D:9      | Noticed a two-headed ogre
  9990 | D:9      | XOM: scenery: summon butterflies
 10001 | D:9      | XOM: cast spell 'Summon Horrible Things'
 10006 | D:9      | Killed a two-headed ogre
 10156 | D:8      | Identified Xom's Tome of Discomfort (Xom gifted it to you
                  | on level 8 of the Dungeon)
 10156 | D:8      | XOM: god gift: Xom's Tome of Discomfort
 10170 | D:9      | Bought a wand of random effects (7) for 58 gold pieces
 10180 | D:9      | Found Gosmemu's Assorted Antiques.
 10227 | D:9      | Reached skill level 1 in Summonings
 10231 | D:9      | Noticed a two-headed ogre
 10235 | D:9      | XOM: destruction
 10238 | D:9      | XOM: cast spell 'Summon Mana Viper'
 10239 | D:9      | Killed a two-headed ogre
 10252 | D:10     | Entered Level 10 of the Dungeon
 10316 | D:10     | XOM: stat loss: -1 Int (15/16)
 10388 | D:9      | XOM: scenery: summon butterflies
 10397 | D:9      | XOM: summons 6 friendly demons
 10651 | D:9      | Found Nacs's Antique Armour Boutique.
 10862 | D:9      | Found a bloodstained altar of Trog.
 10920 | D:9      | Reached skill level 5 in Summonings
 10960 | D:10     | Reached skill level 1 in Evocations
 11001 | D:10     | XOM: scenery: summon butterflies
 11007 | D:10     | XOM: noise
 11073 | D:10     | XOM: enchant monster (bad)
 11075 | D:10     | Found a staircase to the Orcish Mines.
 11088 | D:10     | XOM: give mutations
 11088 | D:10     | Gained mutation: Scrolls take you a little longer to read.
                  | [Xom's mischief]
 11088 | D:10     | Gained mutation: You are clumsy. (Dex -2) [Xom's mischief]
 11088 | D:10     | Lost mutation: You are clumsy. (Dex -2) [Xom's mischief]
 11088 | D:10     | Lost mutation: Scrolls take you a little longer to read.
                  | [Xom's mischief]
 11094 | D:10     | Killed themself with a badly aimed iceblast

Illustrated notes

Levels and vault maps discovered:
D:1:      dpeg_cavernosity, layout_loops_corners, serial_glass, glass_columns_c,
          glass_columns_c
D:2:      layout_loops_ring, kiku_gazebo_pond_becter, fountainhead,
          nemelex_dance_club_becter, uniq_natasha
D:3:      layout_loops_ring, uniq_terence, uniq_sigmund
D:4:      layout_basic, minmay_temple_entry_statues, uniq_duvessa
D:5:      layout_loops_corners, serial_shops, kennysheep_little_box, uniq_pikel
D:6:      layout_loops_ring, serial_bayou_pond_a, minmay_hollow_rounded_squares
D:7:      layout_loops_ring
D:8:      layout_rooms, lair_entry_dummy, kennysheep_small_square
D:9:      layout_rooms, serial_glass, glass_columns_a, glass_columns_a,
          glass_columns_a, glass_columns_b, glass_columns_c, glass_columns_b,
          serial_shops, shop_coins, shop, nicolae_shop_crystal, trog_book
D:10:     layout_roguey, david_orc_3, nooodl_orcs_dogs

Skill      XL: |  1  2  3  4  5  6  7  8  9 10 |
---------------+-------------------------------+-----
Axes           | 3 4 5 6 7 10 | 10.5
Dodging        | 4 9 10 | 10.1
Summonings     | 5 |  5.1
Evocations     | 3 |  3.0
Fighting       | |  3.0
Armour         | |  1.7

Action                   |  1- 3 |  4- 6 |  7- 9 | 10-12 || total
-------------------------+-------+-------+-------+-------++-------
Melee: Hand axe          |    63 |   146 |   286 |   186 ||   681
       Kick              |    10 |    29 |    61 |    39 ||   139
       Headbutt          |     9 |    17 |    37 |    24 ||    87
Throw: Dart              |       |       |       |     1 ||     1
  Use: Potion            |       |     3 |     1 |     9 ||    13
       Scroll            |       |     2 |     8 |     8 ||    18
 Stab: Sleeping          |     1 |       |     4 |       ||     5
       Petrifying        |       |     2 |       |     2 ||     4
       Confused          |       |       |     2 |       ||     2
       Paralysed         |       |       |     1 |     1 ||     2
Armor: Leather armour    |    36 |    28 |    60 |    49 ||   173
       Skin              |       |     2 |     9 |    14 ||    25
Dodge: Dodged            |    62 |    76 |   120 |   149 ||   407
